[Event "93rd German Championship 2022"]
[Site "Magdeburg"]
[Date "2022.08.14"]
[Round "1.19"]
[White "Miller, Eduard"]
[Black "Parvanyan, Alfred"]
[Result "1/2-1/2"]
[ECO "A50"]
[WhiteElo "2350"]
[BlackElo "2126"]
[Annotator "TA"]
[PlyCount "221"]
[EventDate "2022.08.14"]
[EventType "swiss"]
[EventCountry "GER"]
[SourceTitle "playchess.com"]
[Source "ChessBase"]
[SourceQuality "1"]
[TimeControl "40/5400+30:1800+30"]

1. d4 Nf6 2. c4 c6 3. Nc3 d5 4. e3 g6 5. Nf3 Bg7 6. Ne5 {[%emt 0:04:45] D94: Grünfeld: 4 Nf3 Bg7 5 e3.} O-O 7. Bd3 dxc4 8. Bxc4 Nbd7 9. f4 Nb6 (9... c5 $11 {is more appropriate.}) 10. Bb3 Nbd5 11. O-O Bf5 {[%emt 0:05:37] [#]} 12. g4 $146 ({Predecessor:} 12. Bc2 Bxc2 13. Qxc2 Nxc3 14. bxc3 Qd5 15. c4 Qe4 16. Qxe4 Nxe4 17. c5 Bxe5 18. fxe5 {½-½ (30) Krivec,S (2144)-Ivanussa,B (2097) Slovenia 2019}) 12... Nxc3 13. bxc3 Be4 14. g5 Ne8 15. Nd3 Nd6 16. Nf2 Qd7 17. Qe2 Bf5 18. e4 Be6 19. Bb2 a5 20. Rac1 Bxb3 21. axb3 a4 22. e5 Nf5 23. b4 (23. bxa4 $11 {remains equal.} Rxa4 24. Nd3) 23... a3 $17 24. Ba1 h6 25. Ne4 b6 $36 {[%emt 0:01:37][%mdl 2048] Black is really pushing.} 26. Rcd1 b5 27. d5 (27. Rde1 $17) 27... cxd5 $19 28. Nc5 Qc6 29. e6 f6 30. gxh6 Bxh6 31. Rd3 Kg7 32. Qf3 Rfd8 33. Rf2 Rac8 34. Ra2 $2 (34. h4 {was called for.} Kh8 35. Kh1) 34... d4 $2 (34... Qd6 $19 35. Rf2 Rxc5 36. bxc5 Qxc5) 35. Qxc6 $17 Rxc6 36. cxd4 Bxf4 37. Raxa3 Rh8 38. h3 Rd6 (38... Rcc8 $19 39. Bc3 Be3+ 40. Kh2 Rh5) 39. d5 Bc1 (39... Rdd8 $17 {aiming for ...Rh4.} 40. Bc3 Ra8 41. Rxa8 Rxa8) 40. Ra7 $11 Rhd8 41. Ne4 Rxe6 42. dxe6 Rxd3 43. Bxf6+ $1 Kh6 {[%emt 0:01:36] ...Be3+ is the strong threat.} 44. Rd7 Rxd7 (44... Rxh3 $11 45. Kg2 Rb3 46. Bxe7 Nxe7 47. Rxe7 Rb2+ 48. Kf3 Rb3+ 49. Kg2 Rb2+ 50. Kg3 Rb3+ 51. Kg2) 45. exd7 {[%emt 0:00:10][%mdl 4096] Endgame KBN-KBN} Be3+ 46. Kg2 Bb6 47. Bg5+ Kh5 48. Bf4 Kh4 (48... Nh4+ $142 49. Kh1 Nf3) 49. Ng5 {[%emt 0:04:16] Black must now prevent Ne6.} e5 50. Nf3+ Kh5 51. Bxe5 Ne3+ 52. Kg3 {[%emt 0:00:26] Threatens to win with Nd4.} Nd5 {[%emt 0:00:26] [#]} 53. Nd4 $1 Nxb4 54. Bf6 {[%emt 0:00:06] Inhibits Bd8.} Nd5 55. d8=Q Bxd8 56. Bxd8 b4 {[%emt 0:00:20] [#]} 57. Kf3 $2 (57. h4 $1 $18 {Strongly threatening Bg5.} Ne3 58. Ne2 Nf5+ 59. Kh3) 57... g5 $1 {[%emt 0:00:48] The position is equal.} 58. Kg3 Kg6 59. Kg4 Ne3+ 60. Kf3 Nd5 61. Ke4 Nf4 62. h4 Nh3 63. hxg5 Nxg5+ 64. Kd3 Nf7 65. Bc7 Kf6 66. Kc4 Ng5 67. Bd8+ Kg6 68. Kxb4 Nf7 69. Be7 Nh6 70. Bc5 Nf5 71. Nf3 Kf6 72. Kc4 Ke6 73. Bb4 Nd6+ 74. Kc5 Ne4+ 75. Kd4 Nf6 76. Bd2 Nh7 77. Ne5 Nf6 78. Bg5 Nh7 79. Bh4 Nf6 80. Nd3 Kf5 81. Nc5 Ng4 82. Ne4 Ne5 83. Kd5 Ng6 84. Nd6+ Kf4 85. Bf6 Kf3 86. Bg5 Nf4+ 87. Ke5 Nd3+ 88. Kf5 Nf2 89. Nc4 Nd3 90. Nd2+ Ke2 91. Ke4 Nc5+ 92. Kd5 Nd3 93. Kd4 Ne1 94. Ke4 Nd3 95. Bh6 Nc5+ 96. Kd4 Nd3 97. Nc4 Nf2 98. Ne5 Nd1 99. Bf4 Nf2 100. Bg3 Nd1 101. Bh4 Nf2 102. Bg5 Nd1 103. Nd3 Nf2 104. Ne5 Nd1 105. Bc1 Nf2 106. Be3 Nd1 107. Bg1 Nf2 108. Kd5 Nd3 109. Nc4 Nf2 110. Kd4 Ng4 111. Ke4 {[%emt 0:00:39] What a bad dream for Black.  Weighted Error Value: White=0.24 (precise) /Black=0.29 (precise)} 1/2-1/2

[Event "93rd German Championship 2022"]
[Site "Magdeburg"]
[Date "2022.08.14"]
[Round "1.20"]
[White "Eichstaedt, Mirko"]
[Black "Malek, Daniel"]
[Result "1/2-1/2"]
[ECO "E12"]
[WhiteElo "2223"]
[BlackElo "2355"]
[Annotator "TA"]
[PlyCount "93"]
[EventDate "2022.08.14"]
[EventType "swiss"]
[EventCountry "GER"]
[SourceTitle "playchess.com"]
[Source "ChessBase"]
[SourceQuality "1"]
[TimeControl "40/5400+30:1800+30"]

1. d4 Nf6 2. Nf3 e6 3. c4 b6 4. a3 Bb7 5. Nc3 d5 6. Bg5 Be7 7. Qa4+ Qd7 8. cxd5 {E12: Queen's Indian: Unusual White 4th moves, 4 a3, 4 Nc3 Bb7 5 a3 and 4 Nc3 Bb7 .} (8. Qc2 {keeps more tension.} O-O 9. e3 h6 10. Bf4) 8... Qxa4 9. Nxa4 Nxd5 10. Bxe7 Kxe7 11. Rc1 {[#]} Nd7 $146 ({Predecessor:} 11... Rc8 12. e3 Nd7 13. Kd2 N5f6 14. Bd3 c5 15. dxc5 bxc5 16. b3 Rab8 17. Bc4 Ne4+ {½-½ (91) Tosic,M (2505)-Gligoric,S (2480) Belgrade 1998}) 12. e3 Rac8 13. b4 {Inhibits c5.} c5 14. dxc5 bxc5 15. Nxc5 Nxc5 16. bxc5 Rc7 $1 17. Bd3 Rhc8 18. Kd2 ({But not} 18. Bxh7 g6 19. Ng5 Nf6 $17) 18... Nf6 19. c6 (19. Nd4 {is more complex.} Bxg2 20. Rhg1 Bb7 21. c6) 19... Rxc6 20. Rxc6 Rxc6 21. Rb1 Rc7 22. Rb4 g6 23. Rf4 Nd7 24. Rc4 Rxc4 25. Bxc4 $11 {[%mdl 4096] Endgame KBN-KBN} Kd6 26. Bf1 Bxf3 27. gxf3 $15 {KB-KN} g5 28. Be2 Kc5 29. Kc3 h6 30. Kb3 Nb6 31. Kc3 f5 32. Kb3 a5 33. Kc3 Nd5+ 34. Kd2 f4 35. Bf1 Ne7 36. Kc3 Nf5 37. Kd2 Nd6 38. Kc3 e5 (38... h5 $15 {is more appropriate.}) 39. Bd3 fxe3 ({Black should play} 39... h5 $15) 40. fxe3 $11 {The position is equal.} e4 41. fxe4 Nf7 42. Be2 Ne5 43. h3 {Inhibits g4.} Nf7 44. Bg4 Ne5 45. Be2 Nf7 46. Bg4 Ne5 47. Be2 {Weighted Error Value: White=0.10 (very precise) /Black=0.09 (flawless)} 1/2-1/2

[Event "93rd German Championship 2022"]
[Site "Magdeburg"]
[Date "2022.08.14"]
[Round "1.21"]
[White "Becker, Stefan"]
[Black "Arnold, Max"]
[Result "0-1"]
[ECO "C41"]
[WhiteElo "2101"]
[BlackElo "2350"]
[Annotator "TA"]
[PlyCount "77"]
[EventDate "2022.08.14"]
[EventType "swiss"]
[EventCountry "GER"]
[SourceTitle "playchess.com"]
[Source "ChessBase"]
[SourceQuality "1"]
[TimeControl "40/5400+30:1800+30"]

1. e4 d6 2. d4 Nf6 3. Nc3 e5 4. Nf3 Nbd7 5. Bc4 Be7 6. O-O O-O 7. Re1 c6 8. a4 h6 {[%emt 0:01:05] is cutting edge theory.} 9. a5 Qc7 {[%emt 0:04:48] C41: Philidor Defence.} 10. h3 Re8 11. b3 exd4 12. Nxd4 Bf8 13. Bb2 Ne5 14. Bf1 {[%emt 0:03:13] [#]} Bd7 $146 ({Predecessor:} 14... Ng6 15. g3 Bd7 16. Bg2 b5 17. axb6 axb6 18. Rxa8 Rxa8 19. Qd2 {½-½ (19) Karolyi,T (2395)-Lengyel,L (2385) Hungary 1994}) 15. f4 Ng6 16. Qf3 Rad8 (16... b5 $11 {is superior.}) 17. Kh1 a6 18. Bd3 Bc8 19. Rf1 d5 (19... Nd7 $14) 20. e5 $36 {[%emt 0:01:59][%mdl 2048] White is really pushing.} Nd7 21. Qg3 (21. Na4 $142 $1) 21... Ne7 22. e6 {[%emt 0:05:37] Strongly threatening exf7+.} Nc5 $2 (22... Nf6 $16) 23. exf7+ $18 Kxf7 24. Be2 ({White has to play} 24. Bh7 $1 $18) 24... g6 25. Nf3 {[%emt 0:02:50] And now b4 would win.} (25. Qf2 $5 Nf5 26. b4 Nxd4 27. Qxd4 $14) 25... Bf5 $2 (25... Kg8 $11 {and Black stays safe.}) 26. Ne5+ (26. Qf2 $1 $18 Ne6 27. g4 (27. Ne5+ Kg8 $11) 27... Bxc2 28. f5 gxf5 29. gxf5 Nxf5 30. Nh4 (30. Ne1 $2 Bc5 $19)) 26... Kg8 $14 27. b4 Nd7 28. Bg4 Nxe5 29. fxe5 {[%emt 0:00:02] aiming for Bxf5.} Kh7 (29... Bxg4 $14 30. Qxg4 (30. hxg4 c5 $14) 30... Qxe5) 30. Rae1 Bg7 31. Na4 ({Better is} 31. Ne2 $16) 31... h5 ({Black should play} 31... d4 $14) 32. Bd1 (32. Qh4 $16) 32... Rf8 $11 33. Nc5 {[%emt 0:00:12] Inhibits Be4. Threatens to win with Qg5.} Bc8 $1 34. Qd3 Nf5 $2 {[%emt 0:01:55] [#]} (34... Rxf1+ $1 $11 {and Black is okay.} 35. Qxf1 Nf5) 35. g4 ({White should try} 35. Bxh5 $1 $18 gxh5 36. g4 hxg4 37. hxg4) 35... hxg4 $14 36. Bxg4 (36. hxg4 $14 Nh6 37. Rxf8 Rxf8 38. Qg3) 36... Rde8 $11 37. Bxf5 Bxf5 38. Qg3 Qe7 (38... Bxc2 $5 39. Rg1 Bf5 40. Qh4+ Kg8 $17) 39. Kh2 {[%emt 0:00:00] Weighted Error Value: White=0.56/Black=0.52} (39. Rf2 $11 {keeps the balance.}) 0-1

[Event "93rd German Championship 2022"]
[Site "Magdeburg"]
[Date "2022.08.14"]
[Round "1.22"]
[White "Dahl, Christoph"]
[Black "Feidt, Jonas"]
[Result "1/2-1/2"]
[ECO "B12"]
[WhiteElo "2355"]
[BlackElo "1901"]
[Annotator "TA"]
[PlyCount "57"]
[EventDate "2022.08.14"]
[EventType "swiss"]
[EventCountry "GER"]
[SourceTitle "playchess.com"]
[Source "ChessBase"]
[SourceQuality "1"]
[TimeControl "40/5400+30:1800+30"]

1. e4 c6 2. d4 d5 3. e5 Bf5 4. Nf3 e6 5. Be2 c5 6. O-O Nc6 7. c3 Bg6 8. a3 {[%emt 0:02:36] B12: Caro-Kann: Advance Variation.} cxd4 9. cxd4 Nge7 10. Nc3 {[%emt 0:01:36] White has an edge.} Nc8 11. b4 Nb6 12. Bg5 Be7 13. Bxe7 Qxe7 {[%emt 0:00:53] [#]} 14. Na4 $146 ({Predecessor:} 14. Rc1 O-O 15. Na4 Nxa4 16. Qxa4 a6 17. Qb3 Be4 18. Qe3 Bxf3 19. Bxf3 Rfc8 20. Be2 {½-½ (31) Markovic,Z (2353)-Sahil,T (2229) Veliko Gradiste 2017}) 14... Nxa4 15. Qxa4 O-O 16. b5 Nb8 17. Rfc1 Qd8 18. Rc3 {[%emt 0:02:39] White is more active.} Nd7 19. Rac1 Nb6 20. Qb4 Rc8 21. a4 (21. Rxc8 $16 Nxc8 22. a4) 21... Rxc3 $11 22. Rxc3 Bh5 23. h3 Bxf3 24. Bxf3 ({White should try} 24. Rxf3 $14 Qh4 25. g3) 24... Nc4 {[%emt 0:04:47] The position is equal.} 25. Be2 Qh4 26. Bg4 $1 ({Don't play} 26. Bxc4 Qxd4 27. Rc1 (27. b6 axb6 28. Rc1 h5 $17) 27... Qf4 $15) 26... Qd8 27. Be2 Qh4 28. Bg4 $1 ({But not} 28. Bxc4 Qxd4 29. Rc1 (29. b6 $2 axb6 30. Rc1 h5 $17) 29... Qf4 $15) 28... Qd8 29. Be2 {[%emt 0:03:13] Weighted Error Value: White=0.10 (very precise) /Black=0.08 (flawless)} 1/2-1/2

[Event "93rd German Championship 2022"]
[Site "Magdeburg"]
[Date "2022.08.15"]
[Round "2.1"]
[White "Bethke, Richard"]
[Black "Poetsch, Hagen"]
[Result "1-0"]
[ECO "B90"]
[WhiteElo "2381"]
[BlackElo "2500"]
[Annotator "TA"]
[PlyCount "79"]
[EventDate "2022.08.14"]
[EventType "swiss"]
[EventCountry "GER"]
[SourceTitle "playchess.com"]
[Source "ChessBase"]
[SourceQuality "1"]
[TimeControl "40/5400+30:1800+30"]

1. e4 c5 2. Nf3 d6 3. d4 cxd4 4. Nxd4 Nf6 5. Nc3 a6 6. Be3 e5 7. Nf3 Be7 8. Bc4 O-O 9. O-O Nc6 10. Qe2 Na5 {[%emt 0:00:08] B90: Sicilian Najdorf: Unusual White 6th moves, 6 Be3 Ng4 and 6 Be3 e5.} 11. Bb3 h6 12. Rfd1 {[%emt 0:01:39] Hoping for Nxe5.} Nxb3 {[%emt 0:01:06] The position is equal.} 13. axb3 Bd7 14. Na4 Bxa4 (14... Nxe4 $2 15. Bb6 Qc8 16. Qxe4 $18) 15. bxa4 {[%emt 0:03:16] [#]} Qc7 $146 (15... Qc8 $142) ({Predecessor:} 15... Qc8 16. Qd3 Qc6 17. Nd2 b5 18. axb5 axb5 19. c3 Ra4 20. b3 Rxa1 21. Rxa1 Rc8 22. Ra7 Bf8 {½-½ (22) Andriasian,Z (2620)-Zhou,J (2572) Kazan 2013}) 16. c4 (16. Nh4 $1 $11) 16... Qc6 $15 17. Nd2 Nxe4 18. Bxh6 Nxd2 ({Black should play} 18... Nxf2 $1 $15 19. Qxf2 gxh6) 19. Qg4 $11 Bf6 20. Rxd2 b5 21. Rc1 Rfd8 22. Rd3 {[%emt 0:16:00][%cal Oh6g7] Threatens to win with Bxg7!} Qd7 (22... Qc8 $17 23. Qh5 (23. Qxc8 Raxc8 24. Be3 Rxc4 $17) 23... bxc4) 23. Qg3 {[%emt 0:01:25] [#]} (23. Qxd7 $11 {keeps the balance.} Rxd7 24. Bd2) 23... e4 $1 $17 ({Stronger than} 23... bxa4 24. Bg5 Qf5 25. Bxf6 Qxf6 26. Ra3 $15) 24. Rd5 {[%emt 0:01:46] [#]} (24. Rd2 $17) 24... bxc4 $1 $19 25. Bg5 {[%emt 0:01:02] White wants to mate with Bxf6.} Be5 (25... Bxb2 $19 26. Rcd1 Re8) 26. Bf4 (26. Rxe5 $17 dxe5 27. Bxd8 Rxd8 28. h3) 26... Bxb2 27. Rcd1 Qxa4 28. h4 Bf6 {[%emt 0:00:57] Strongly threatening ...c3.} 29. h5 c3 30. Bh6 $2 (30. Rc1) 30... Kh8 31. Bg5 {[%emt 0:00:29][%cal Bh6g5,Bg5f4,Bf4d6,Bd6c5][%mdl 32] And now Bxf6 would win.} c2 32. Rf1 Qc4 33. h6 Rg8 $2 (33... Qxd5 $2 {too greedy.} 34. Bxf6 Rg8 35. hxg7+ Kh7 36. Qh4+ Kg6 37. Bb2 $19) (33... Rac8 $19 34. hxg7+ Kg8) 34. hxg7+ $40 {[%emt 0:00:30][%mdl 192] Remove Defender. White has some attack.} Kxg7 $2 (34... Rxg7 $11 35. Bxf6 Qxf1+ 36. Kxf1 (36. Kh2 Qh1+ 37. Kxh1 c1=Q+ $17) 36... c1=Q+ 37. Ke2 Qc2+ 38. Rd2 Qc4+ 39. Ke1 Qc1+ 40. Ke2 Qc4+ 41. Ke1 Qc1+ 42. Ke2 Qc4+) 35. Bf4+ {[%emt 0:00:23] White mates.} Kf8 36. Bxd6+ Ke8 37. Qxg8+ Kd7 38. Qxf7+ Kc6 39. Rc5+ Qxc5 40. Bxc5 {[%emt 0:00:09] Quite a comeback for White.  Weighted Error Value: White=0.49/Black=0.47} 1-0

[Event "93rd German Championship 2022"]
[Site "Magdeburg"]
[Date "2022.08.15"]
[Round "2.2"]
[White "Pajeken, Jakob Leon"]
[Black "Colpe, Malte"]
[Result "1/2-1/2"]
[ECO "B31"]
[WhiteElo "2434"]
[BlackElo "2369"]
[Annotator "TA"]
[PlyCount "119"]
[EventDate "2022.08.14"]
[EventType "swiss"]
[EventCountry "GER"]
[SourceTitle "playchess.com"]
[Source "ChessBase"]
[SourceQuality "1"]
[TimeControl "40/5400+30:1800+30"]

1. e4 c5 2. Nf3 Nc6 3. Bb5 g6 4. O-O Bg7 5. Bxc6 dxc6 6. d3 e5 7. a4 {[%emt 0:00:27] B31: Sicilian: 2...Nc6 3 Bb5 g6.} Bg4 8. Be3 b6 9. Nbd2 {[%emt 0:01:06][%cal Oa4a5] [#] White is slightly better.} Ne7 $146 ({Predecessor:} 9... Nf6 10. a5 O-O 11. Qb1 Nd7 12. b4 Bxf3 13. Nxf3 cxb4 14. Qxb4 Qc7 15. axb6 axb6 {1-0 (69) Meshkov,Y (2418)-Wassin,S (2299) Durham 2007}) 10. Nc4 ({White should play} 10. h3 $16 Be6 11. a5) 10... O-O 11. h3 Bxf3 12. Qxf3 Qd7 {[%emt 0:23:58] [#]} (12... f5 $14) 13. a5 $1 $16 Rab8 14. Qg3 Qe6 15. axb6 axb6 16. Ra6 {[%emt 0:00:34] White is more active.} b5 17. Nd2 c4 18. dxc4 bxc4 19. Bc5 Rxb2 20. Qc3 Rb5 21. Ba3 Rd8 22. Nxc4 Bf8 23. Ne3 Rd4 $2 {[%emt 0:02:13] [#]} (23... h5 $14) 24. Bxe7 $2 (24. Ra8 $1 $18) 24... Qxe7 $14 25. Rxc6 Rc5 26. Rxc5 Qxc5 27. Qxc5 Bxc5 {[%emt 0:00:06][%mdl 4096] Endgame KRB-KRN} 28. Ng4 Bd6 29. Nf6+ Kf8 30. Nxh7+ Ke7 31. Ra1 f6 32. Ra7+ Ke6 33. Rg7 Rxe4 34. Rxg6 {[%emt 0:01:05] Hoping for Ng5+.} Re1+ 35. Kh2 e4+ $1 36. g3 Be5 37. Rg7 Re2 38. Nf8+ Kd6 39. Kg1 Rxc2 40. Rd7+ Kc6 41. Rd8 {[%emt 0:31:00] Black must now prevent Rc8+.} Ra2 42. Ng6 Bd6 43. Re8 f5 44. Ne7+ Bxe7 45. Rxe7 {[%emt 0:00:00] Strongly threatening Re5. KR-KR} Kd6 {[%emt 0:00:22] Inhibits Re5.} 46. Re8 Ra5 47. h4 Kd7 48. Rg8 Ke6 49. Rg6+ Kf7 50. Rb6 Ra1+ 51. Kg2 Ra2 52. Rb3 Kg6 53. g4 (53. Kf1 $14) 53... fxg4 $11 {[%emt 0:01:08] The position is equal.} 54. Kg3 Re2 55. Rb6+ Kf5 56. Rb5+ Kf6 57. Rb3 Kg6 58. Ra3 Kf5 59. Re3 Rd2 60. Re1 {[%emt 0:01:15] Weighted Error Value: White=0.12 (very precise) /Black=0.12 (very precise)} 1/2-1/2

[Event "93rd German Championship 2022"]
[Site "Magdeburg"]
[Date "2022.08.15"]
[Round "2.3"]
[White "Carlstedt, Jonathan"]
[Black "Langheinrich, Ferenc"]
[Result "1/2-1/2"]
[ECO "B01"]
[WhiteElo "2446"]
[BlackElo "2357"]
[Annotator "TA"]
[PlyCount "68"]
[EventDate "2022.08.14"]
[EventType "swiss"]
[EventCountry "GER"]
[SourceTitle "playchess.com"]
[Source "ChessBase"]
[SourceQuality "1"]
[TimeControl "40/5400+30:1800+30"]

1. e4 d5 2. exd5 Nf6 3. c4 e6 4. dxe6 Bxe6 5. Nf3 Qe7 6. Be2 {[%emt 0:05:14] B01: Scandinavian Defence.} (6. Qe2 $1 $14) 6... Bxc4 $1 $11 7. d3 Ba6 {[%emt 0:10:06] [#]} 8. Nc3 $146 ({Predecessor:} 8. O-O Nc6 9. Nc3 O-O-O 10. Re1 h6 11. Bf4 Qd7 12. Qb3 Bc5 13. Ne4 Bb6 14. Ne5 Nxe5 15. Bxe5 {0-1 (49) Noack,T (1783)-Bossy,A (2110) Playchess.com INT 2021}) 8... Qd8 9. O-O Be7 10. Rb1 O-O 11. b4 {[%emt 0:04:59] [#] And now b5 would win.} c6 12. a4 Nd5 (12... b6 $11 {keeps the balance.}) 13. Nxd5 $16 Qxd5 14. Be3 (14. Re1 $5 ) 14... Bf6 15. Qb3 Qxb3 16. Rxb3 {[%emt 0:00:02] [#] Black must now prevent b5.} b6 (16... b5 $5 ) 17. Rc1 Rc8 18. Nd4 Rd8 19. Nxc6 {[%emt 0:01:40] White is more active.} Nxc6 20. Rxc6 Bb7 21. Rc2 Rac8 22. Rxc8 Rxc8 23. Bf3 {[%emt 0:02:40] Inhibits Bd5.} Bxf3 24. gxf3 $14 {[%emt 0:00:02][%mdl 4096] Endgame KRB-KRB} Bd8 25. Rb1 f5 26. b5 Kf7 27. Kf1 Ke6 28. Rb4 Rc2 29. Rc4 Ra2 30. f4 (30. Bf4 $5 ) 30... Ra3 {[%emt 0:02:55] The position is equal.} 31. Ke2 Ra2+ 32. Kf1 Ra3 33. Ke2 Ra2+ 34. Kf3 Ra3 {[%emt 0:00:12] Weighted Error Value: White=0.16 (very precise) /Black=0.16 (very precise)} 1/2-1/2

[Event "93rd German Championship 2022"]
[Site "Magdeburg"]
[Date "2022.08.15"]
[Round "2.4"]
[White "Krastev, Alexander"]
[Black "Richter, Nils"]
[Result "1/2-1/2"]
[ECO "B10"]
[WhiteElo "2435"]
[BlackElo "2359"]
[Annotator "TA"]
[PlyCount "82"]
[EventDate "2022.08.14"]
[EventType "swiss"]
[EventCountry "GER"]
[SourceTitle "playchess.com"]
[Source "ChessBase"]
[SourceQuality "1"]
[TimeControl "40/5400+30:1800+30"]

1. e4 c6 2. Nc3 d5 3. Qf3 d4 4. Bc4 Nf6 5. Nce2 Nbd7 {[%emt 0:05:53] [#] ...Ne5 is the strong threat.} 6. d3 $146 {[%emt 0:24:38] B11: Caro-Kann: Two Knights Variation.} ({Predecessor:} 6. Bb3 e5 7. d3 Nc5 8. Qg3 Nxb3 9. Qxe5+ Qe7 10. Qxe7+ Bxe7 11. axb3 c5 12. Nf3 Bg4 {1-0 (37) Firouzja,A (2702)-Bluebaum,M (2643) chess24.com INT 2020}) 6... Ne5 7. Qf4 Nxc4 8. dxc4 {[%emt 0:00:04] Black is slightly better.} Nd7 9. Nf3 {[%emt 0:07:42] Prevents e5.} ({Avoid the trap} 9. Nxd4 $2 e5 10. Nxc6 bxc6 $19) 9... e5 10. Qg3 {[%emt 0:00:11] [#]} (10. Qd2 $142) 10... f6 $1 $17 11. O-O Nc5 12. Nd2 d3 13. cxd3 Qxd3 ({Stronger than} 13... Nxd3 14. Nb1 Be6 15. b3 $15) 14. Nc3 Qxg3 15. hxg3 Be6 16. b3 Nd3 17. Nf3 Nxc1 18. Raxc1 O-O-O 19. Rfd1 Bb4 20. Kf1 Rxd1+ ({Black should try} 20... Bg4 $17 21. Ne2 h5) 21. Nxd1 $15 Rd8 22. Ne3 Ba3 23. Rc2 Kc7 24. Ke2 Kb6 25. Ne1 Bc5 26. Nd3 Bd4 27. Rc1 {[%emt 0:01:30] The position is equal.} g6 28. Rh1 h5 29. f3 a5 30. a4 Kc7 31. g4 hxg4 32. Nxg4 b5 33. axb5 cxb5 34. Nxf6 bxc4 35. bxc4 a4 {[%emt 0:00:28] [#] White must now prevent ...a3.} (35... Bxc4 $2 36. Rc1 $18) 36. Nd5+ Bxd5 37. cxd5 a3 {[%emt 0:00:31] aiming for ...a2.} 38. Rc1+ Kd7 {[%emt 0:04:15] Threatens to win with ...a2.} 39. Rc2 Rb8 40. Kd2 Rb1 41. Ra2 Rb3 {[%emt 0:05:28] And White is the lucky defender.  Weighted Error Value: White=0.04 (flawless) /Black=0.06 (flawless)} 1/2-1/2

[Event "93rd German Championship 2022"]
[Site "Magdeburg"]
[Date "2022.08.15"]
[Round "2.5"]
[White "Keller, Peter"]
[Black "Becker, Michael"]
[Result "1-0"]
[ECO "C47"]
[WhiteElo "2377"]
[BlackElo "2270"]
[Annotator "TA"]
[PlyCount "34"]
[EventDate "2022.08.14"]
[EventType "swiss"]
[EventCountry "GER"]
[SourceTitle "playchess.com"]
[Source "ChessBase"]
[SourceQuality "1"]
[TimeControl "40/5400+30:1800+30"]

1. e4 e5 2. Nf3 Nc6 3. Nc3 Nf6 4. d4 Bb4 5. d5 Ne7 6. Nxe5 d6 {[%emt 0:01:08] The position is equal.} 7. Bb5+ {[%emt 0:13:57] C47: Scotch Four Knights and Four Knights with 4 g3.} Kf8 8. Nf3 {[%emt 0:00:18] Hoping for Qe2.} Nxe4 9. O-O Nxc3 10. bxc3 Bxc3 11. Rb1 {[%emt 0:04:23][%mdl 32768] [#] Not much happened in this game.  Weighted Error Value: White=0.00 (flawless) /Black=0.07 (flawless) . Loss on time!?} {Predecessor:} b6 $146 12. Nd4 Bd7 13. Bc4 Bxd4 14. Qxd4 f6 15. Bd3 Kf7 16. Qh4 Bf5 17. Bxf5 Nxf5 {1-0 (38) Gaprindashvili,N-Polihroniade,E Vrnjacka Banja 1961} 1-0

[Event "93rd German Championship 2022"]
[Site "Magdeburg"]
[Date "2022.08.15"]
[Round "2.6"]
[White "Arnold, Max"]
[Black "Parvanyan, Ashot"]
[Result "1/2-1/2"]
[ECO "C11"]
[WhiteElo "2350"]
[BlackElo "2428"]
[Annotator "TA"]
[PlyCount "81"]
[EventDate "2022.08.14"]
[EventType "swiss"]
[EventCountry "GER"]
[SourceTitle "playchess.com"]
[Source "ChessBase"]
[SourceQuality "1"]
[TimeControl "40/5400+30:1800+30"]

1. e4 e6 2. d4 d5 3. Nc3 Nf6 4. Bg5 dxe4 5. Nxe4 Be7 6. Nxf6+ Bxf6 7. Bxf6 Qxf6 8. Nf3 c5 9. Qd3 {[%emt 0:06:17] C13: French: Classical System: 4 Bg5 Be7, Alekhine-Chatard Attack.} cxd4 10. Qxd4 Qxd4 11. Nxd4 {[%emt 0:00:09] [#]} Ke7 $146 ({Predecessor:} 11... b6 12. Nb5 Kd8 13. Be2 Nd7 14. Bf3 Rb8 15. Nxa7 Bb7 16. Nc6+ Bxc6 17. Bxc6 Kc7 {½-½ (60) Torngren,G (2245)-Pijpers,A (2486) Prague 2022}) 12. Be2 Nd7 (12... Bd7 $11) 13. O-O-O $14 Nc5 14. Bf3 e5 15. Nb5 Be6 {[%emt 0:10:07] Against Rd5} 16. Nc7 (16. Rhe1 $16) 16... Rab8 (16... Rad8 $11) 17. Nd5+ $16 Kf8 18. Rhe1 f6 19. Re3 Kf7 20. b4 (20. Nc7 $16) 20... Na6 $1 $14 21. Kb2 {[%emt 0:02:35] White is more active.} ({Better is} 21. Ra3 $14) 21... Rhd8 $11 22. c4 Rbc8 23. c5 (23. Kc3 $11) 23... Rd7 (23... e4 $1 $17 24. Rxe4 Rxd5 25. Rxe6 Rxd1 26. Rxa6 bxa6 27. Bxd1 a5) 24. a3 Nc7 (24... Rcd8 $5 25. Nc3 Rxd1 26. Nxd1 Nc7 $15) 25. Nxc7 Rcxc7 26. Rxd7+ Bxd7 {[%emt 0:00:05][%mdl 4096] Endgame KRB-KRB} 27. Kc3 Ke7 28. Bd5 Bb5 ({Black should try} 28... b6 $11) 29. f4 b6 $1 30. Bc4 Bxc4 31. Kxc4 $14 {[%emt 0:00:01] KR-KR} Ke6 32. g4 g6 $2 {[%emt 0:00:47] [#]} (32... bxc5 $11 33. bxc5 Re7) 33. a4 (33. g5 $1 $18) 33... bxc5 34. bxc5 Rb7 (34... Rd7 $14) 35. c6 (35. g5 $16) 35... Rb1 {[%emt 0:00:13] [#]} (35... Rb2 $1 $11 {remains equal.}) 36. fxe5 (36. g5 $1 $16 fxg5 37. fxe5) 36... fxe5 $11 {[%emt 0:00:09] The position is equal.} 37. Rh3 Rc1+ 38. Kb5 Rb1+ 39. Kc5 Rc1+ 40. Kb5 Rb1+ 41. Kc5 {[%emt 0:12:44] Weighted Error Value: White=0.34/Black=0.36} 1/2-1/2